 Dungeon Crawl Stone Soup version 0.23-a0-629-gae4348f6cf (webtiles) character file.

56 Multipenetrator the Caller (level 3, -7/19 HPs)
             Began as a Deep Elf Summoner on Dec 26, 2018.
             Killed by divine providence
             ... invoked by an orc priest
              (12 damage)
             ... on level 2 of the Dungeon.
             The game lasted 00:07:18 (1668 turns).

Multipenetrator the Caller (Deep Elf Summoner)      Turns: 1668, Time: 00:07:18

Health: -7/19      AC:  2    Str:  5    XL:     3   Next: 71%
Magic:  5/10       EV: 13    Int: 20    God:
Gold:   90         SH:  0    Dex: 15    Spells: 6/10 levels left

rFire    + . .     SeeInvis .   q - +2 short sword (venom)
rCold    x . .     Gourm    .   (no shield)
rNeg     . . .     Faith    .   a - +0 robe
rPois    .         Spirit   .   (no helmet)
rElec    .         Reflect  .   (no cloak)
rCorr    .         Harm     .   (no gloves)
MR       .....                  (no boots)
Stlth    ++........             k - amulet of rage
HPRegen  0.06/turn              d - ring of fire
MPRegen  0.12/turn              (no ring)

@: very slightly contaminated
A: no striking features
a: Evoke Berserk Rage


You were on level 2 of the Dungeon.
You were not hungry.

You visited 1 branch of the dungeon, and saw 2 of its levels.

You collected 90 gold pieces.

Inventory:

Hand Weapons
 q - a +2 short sword of venom (weapon)
Armour
 a - a +0 robe (worn)
Jewellery
 d - a ring of fire (left hand)
 k - an amulet of rage (around neck)
 o - an uncursed ring of fire
Scrolls
 b - 5 scrolls of identify {unknown}
 g - a scroll of enchant armour {unknown}
 h - a scroll of random uselessness {unknown}
 i - a scroll of amnesia {unknown}
 l - a scroll of remove curse {unknown}
 s - 2 scrolls of teleportation {unknown}
Potions
 e - 2 potions of haste {unknown}
 f - a potion of might {unknown}
 j - a potion of lignification {unknown}
 m - a potion of ambrosia {unknown}
 n - a potion of heal wounds {unknown}
 r - a potion of curing {unknown}
Comestibles
 c - a ration
 p - 6 chunks of flesh


   Skills:
 - Level 2.4 Dodging
 - Level 2.4 Stealth
 + Level 4.2 Spellcasting
 + Level 5.4 Summonings


You had 6 spell levels left.
You knew the following spells:

 Your Spells              Type           Power        Failure   Level  Hunger
a - Summon Small Mammal   Summ           ####         1%          1    None
b - Call Canine Familiar  Summ           ####....     4%          3    ###....

Your spell library contained the following spells:

 Spells                   Type           Power        Failure   Level  Hunger
 Call Imp                 Summ           ####....     1%          2    #......
 Summon Guardian Golem    Hex/Summ       ###.....     12%         3    ###....
 Summon Ice Beast         Ice/Summ       ###.....     38%         4    ####...
 Summon Lightning Spire   Summ/Air       ###.....     38%         4    ####...


Dungeon Overview and Level Annotations

Branches:
Dungeon (2/15)

Altars:


Message History

Your hound bites the orc.
Your hound bites the orc.
The orc hits your hound with a +0 trident.
Your hound completely misses the orc.
The orc barely misses your hound.
Your hound misses the orc.
Your hound bites the orc.
The orc hits your hound with a +0 trident!
Your hound bites the orc.
The orc dies!
The orc priest begins to cast a cantrip, but forgets the words!
Your hound closely misses the orc.
The orc hits your hound but does no damage.
Your hound bites the orc.
The orc priest calls upon Beogh to heal the orc.
The orc is healed somewhat.
Your hound bites the orc.
The orc barely misses your hound.
The orc priest invokes the aid of Beogh against you.
Beogh smites you!
Ouch! That really hurt!
You die...

##......#...## #....#
... ##..###......#
##.### ....
##.####...##.#
#.###..... #..###..##
#.# #.........
..#....##
#.#####..##.....
..#.########.......##
...
.........>....####.#
#
.....########..###.#
)#....# ##..e#.#
.#.##.# ###...# ...#
.# ###h# ..## .# #.oo
...# ^# .#o.. .....
.##.... ..##. .# ....
. .# ... .. ..


You could see 2 orc priests, an orc and a friendly hound.

Vanquished Creatures
  2 leopard geckos (D:1)
  A bat (D:2)
  3 giant cockroaches
  2 kobolds (D:2)
8 creatures vanquished.

Vanquished Creatures (collateral kills)
  Jessica (D:2)
  2 adders (D:2)
  A worm (D:2)
  An orc (D:2)
  3 goblins
  4 hobgoblins (D:1)
  3 kobolds
  A quokka (D:2)
  2 bats
  5 frilled lizards
  5 rats
28 creatures vanquished.

Grand Total: 36 creatures vanquished

Notes
Turn   | Place    | Note
-------+----------+-------------------------------------------
     0 | D:1      | Multipenetrator the Deep Elf Summoner began the quest for
                  | the Orb.
     0 | D:1      | Reached XP level 1. HP: 10/10 MP: 6/6
   435 | D:1      | Reached XP level 2. HP: 15/15 MP: 2/8
   899 | D:2      | Reached skill level 5 in Summonings
   953 | D:2      | Noticed Jessica
   969 | D:2      | Killed Jessica
   969 | D:2      | Reached XP level 3. HP: 3/19 MP: 7/10
  1539 | D:2      | Learned a level 3 spell: Call Canine Familiar
  1668 | D:2      | Killed from afar by an orc priest

Vault maps used:
D:1:      wander_arrival_fairy_ring
D:2:      yredelemnul_forgotten_temple_becter, elyvilon_altar_4, uniq_jessica

Skill      XL: |  1  2  3 |
---------------+----------+-----
Summonings     | 5 |  5.4
Spellcasting   | 4 |  4.2
Dodging        | |  2.4
Stealth        | |  2.4

Action                   || total
-------------------------++-------
Melee: Unarmed           ||     9
       Short sword       ||    10
 Cast: Summon Small Mamm ||    48
       Call Canine Famil ||     1
 Stab: Distracted        ||     1
       Sleeping          ||     2
  Eat: Chunk             ||     2
Armor: Robe              ||     8
Dodge: Dodged            ||    33

Table legend:
 A = Non-vault XP
 B = Vault XP
 C = Vault XP percentage of total XP
 D = Non-vault monster count
 E = Vault monster count
 F = Vault count percentage of total count
                 A         B        C        D         E       F
            +---------+---------+-------+---------+---------+-------
      Total |      56 |      25 |  30.9 |      35 |       1 |   2.8
            +---------+---------+-------+---------+---------+-------
        D:1 |      16 |       0 |   0.0 |      14 |       0 |   0.0
        D:2 |      40 |      25 |  38.5 |      21 |       1 |   4.5
            +---------+---------+-------+---------+---------+-------
